Map: Eternal Empire LE

Players

Analog

  • Race: Zerg Zerg
  • League: Gold
  • Spawn Location: 1:00

Throwfordays - Winner!

  • Race: Protoss Protoss
  • League: Silver
  • Spawn Location: 7:00

VOD

Have the link to the VOD?

Description

Time

  • Played on: July 17, 2020, 7:16 p.m.
  • Length: 2:00
Show
View Real Time Build Order
Export as new Build Order

Analog Zerg 

Build Orders: Hatch First 

Get SALT Encoding   

  12  0:01  Drone  
  13  0:13  Overlord  
  13  0:17  Drone  
  14  0:33  Drone x2  
  16  0:50  Hatchery  
  16  0:52  Drone  
  16  1:07  Spawning Pool  
  15  1:14  Drone x2  
Show
View Real Time Build Order
Export as new Build Order

Throwfordays Protoss - Winner!

Build Orders: Cannon Rush 

Get SALT Encoding   

  12  0:11  Pylon  
  12  0:29  Forge  
  12  0:35  Probe  
  13  0:42  Pylon  
  13  0:56  Probe  
  14  1:02  Photon Cannon  
  14  1:17  Pylon  
  14  1:30  Photon Cannon  
  14  1:33  Pylon  
  14  1:45  Photon Cannon  
Tags
 
Add a new tag
Caveats
  • Supply blocks, unpowered buildings, or Contaminate may cause inaccurate times.
  • Supply counts are checked every 10 seconds.